 Dungeon Sprint DCSS version 0.30-a0-465-g8901f6c8b5 (webtiles) character file.

Game seed: 9335035815265030581

237 holysushi the Nimble (level 6, -21/42 HPs)
             Began as a Kobold Monk on Dec 18, 2022.
             Was a Believer of Dithmenos.
             Shot with a bolt by a yaktaur (32 damage)
             ... in the Dungeon (Sprint V: "Ziggurat Sprint").
             The game lasted 00:01:36 (181 turns).

holysushi the Nimble (Kobold Monk)                   Turns: 181, Time: 00:01:36

Health: -21/42     AC:  2    Str:  9    XL:     6   Next: 28%
Magic:  6/6        EV: 26    Int: 11    God:    Dithmenos [**....]
Gold:   0          SH: 10    Dex: 31    Spells: 5/5 levels left

rFire   . . .      SeeInvis .    a - +5 quick blade
rCold   . . .      Faith    .    z - +3 buckler
rNeg    . . .      Spirit   .    b - +0 robe
rPois   .          Reflect  .    (no helmet)
rElec   .          Harm     .    (no cloak)
rCorr   .          Rampage  .    (no gloves)
Will    .....      NoTele   +    (no boots)
Stlth   +++++++...               (no amulet)
HPRegen 0.27/turn                w - +6 ring of dexterity
MPRegen 0.10/turn                v - +6 ring of dexterity

@: hasted, wreathed by umbra, very quick
A: small, no large weapons, nightstalker 3
a: Renounce Religion, Shadow Step


You were in the Dungeon.
You worshipped Dithmenos.
Dithmenos was pleased with you.
You visited 1 branch

Inventory:

Hand Weapons
 a - a +5 quick blade (weapon)
Armour
 b - a +0 robe (worn)
 y - the +18 shield of the Gong {rElec rN+ Will+ EV-5}
   (You found it in the Dungeon)

   It is deafeningly noisy when blocking attacks.
   EV:        It affects your evasion (-5).
   rElec:     It insulates you from electricity.
   rN:        It protects you from negative energy.
   Will:      It increases your willpower.
 z - a +3 buckler (worn)
Jewellery
 v - a +6 ring of dexterity (right hand)
 w - a +6 ring of dexterity (left hand)
Wands
 s - a wand of mindburst (7)
 t - a wand of iceblast (7)
 u - a wand of acid (7)
Scrolls
 i - 2 scrolls of blinking
 j - 4 scrolls of amnesia
 k - 7 scrolls of fog
 l - 5 scrolls of identify
 m - 2 scrolls of fear
Potions
 c - a potion of ambrosia
 d - 10 potions of curing
 e - 10 potions of heal wounds
 f - 4 potions of haste
 g - 7 potions of magic
 h - 3 potions of berserk rage
 n - 2 potions of brilliance
 o - 2 potions of invisibility
 p - 4 potions of resistance
 r - 5 potions of might
Miscellaneous
 x - a lightning rod (4/4)


   Skills:
 + Level 6.7 Fighting
 - Level 8.0 Short Blades
 + Level 9.8 Dodging
 + Level 8.2 Stealth
 - Level 5.0 Evocations


You had 5 spell levels left.
You didn't know any spells.
Your spell library contained the following spells:

 Spells                   Type           Power      Damage    Failure   Level
 Hailstorm                Conj/Ice       0%         3d3       86%         3
 Ice Form                 Ice/Tmut       0%         N/A       99%         4
 Simulacrum               Ice/Necr       0%         N/A       100%        6


Dungeon Overview and Level Annotations

Branches:
Dungeon (1/1) Zot: 27000

Altars:
Ashenzari
Cheibriados
Dithmenos
Elyvilon
Fedhas
Gozag
Hepliaklqana
Kikubaaqudgha
Makhleb
Nemelex Xobeh
Okawaru
Qazlal
Ru
Sif Muna
Trog
Uskayaw
Vehumet
Wu Jian
Xom
Yredelemnul
Zin
The Shining One
Jiyva
Lugonu

Annotations:
D 1 transporter


Innate Abilities, Weirdness & Mutations

You are small and have problems with some larger weapons.
You are completely attuned to the shadows.


Message History

You start resting.
HP restored.
You see here a book of the Tundra.
You see here a +0 falchion of pain.
You see here a book of the Tundra.
You pick up a book of the Tundra and begin reading...
You add the spells Hailstorm, Ice Form and Simulacrum to your library.
Autopickup is now on.
There is a transporter here.
Welcome to arena 2.
You enter the transporter and appear at another place.
You feel agile.
w - a +6 ring of dexterity (left hand) Hit: a) +5 quick blade
Press: ? - help, Dir - move target, f - you
Okay, then.
You feel agile.
v - a +6 ring of dexterity (right hand)
A dire elephant, a yaktaur and a vault warden come into view.
Found three items.
The vault warden shouts!
The yaktaur shouts!
The dire elephant trumpets!
The yaktaur wields a +0 arbalest.
The yaktaur shoots a bolt.
The bolt hits you!!
Ouch! That really hurt!
* * * LOW HITPOINT WARNING * * *
Found a transporter.
You hit the dire elephant but do no damage.
Okay, then.
Okay, then.
Blink to where?
Press: ? - help, Dir - move target
As you read the scroll of blinking, it crumbles to dust.
You feel yourself speed up.
Blink to where?
Press: ? - help, Dir - move target
As you read the scroll of blinking, it crumbles to dust.
You feel as though your hastened speed will last longer.
The yaktaur shoots a bolt.
The bolt hits you!!
Ouch! That really hurt!
You die...

▓▓▓▓▓▓▓▓▓▓▓▓
▓.8©8.▓.8©8.▓
▓.))[.▓.....▓
▓....@▓.)...▓
▓.....▓.....▓
▓.cp..▓..†).▓
▓.Y...▓..©..▓
▓§.©..▓▓▓▓▓▓▓
▓▓▓▓▓▓▓


You could see a dire elephant, a vault warden and a yaktaur.

Vanquished Creatures
  A spriggan (D)
  A wolf (D)
2 creatures vanquished.

Notes
Turn   | Place    | Note
-------+----------+-------------------------------------------
     0 | D        | holysushi the Kobold Monk began the quest for the Orb.
     0 | D        | Reached XP level 1. HP: 14/14 MP: 1/1
     3 | D        | Found the +6 Majin-Bo {vamp, MP+6 Int+6}
     3 | D        | Found the +27 heavy crossbow "Sniper" {vorpal, Acc+∞ SInv}
     3 | D        | Found the +10 dark maul {vorpal}
     3 | D        | Found the +15 Maxwell's patent armour {-Cast -Tele rElec
                  | Will+ rCorr}
     3 | D        | Found the +18 shield of the Gong {rElec rN+ Will+ EV-5}
     3 | D        | Found the +14 obsidian axe {vorpal, Mesm Drain Fly SInv}
     4 | D        | Found a viscous altar of Jiyva.
     4 | D        | Found a transporter.
     4 | D        | Found a hazy altar of Hepliaklqana.
     4 | D        | Found an ancient bone altar of Kikubaaqudgha.
     4 | D        | Found an opulent altar of Gozag.
     6 | D        | Found a white marble altar of Elyvilon.
     6 | D        | Found a blossoming altar of Fedhas.
     6 | D        | Found a shadowy altar of Dithmenos.
    11 | D        | Found a snail-covered altar of Cheibriados.
    14 | D        | Became a worshipper of Dithmenos the Shadowed
    14 | D        | Reached * piety under Dithmenos
    14 | D        | Reached ** piety under Dithmenos
    32 | D        | Found a radiant altar of Vehumet.
    35 | D        | Found a hide-covered altar of Uskayaw.
    36 | D        | Found a shimmering blue altar of Sif Muna.
    36 | D        | Found a sacrificial altar of Ru.
    36 | D        | Found a bloodstained altar of Trog.
    36 | D        | Found a stormy altar of Qazlal.
    38 | D        | Found an iron altar of Okawaru.
    41 | D        | Found a sparkling altar of Nemelex Xobeh.
    41 | D        | Found the +7 great mace "Firestarter" {inner flame, rF++}
    41 | D        | Found the +6 shillelagh "Devastator" {shatter}
    41 | D        | Found the +11 plutonium sword {Contam Stlth-}
    41 | D        | Found the +8 lance "Wyrmbane" {slay drac, rPois rF+ rC+
                  | AC+3}
    41 | D        | Found the +9 sword of Zonguldrok {reap}
    41 | D        | Found the +13 scythe of Curses {drain, Drain}
    41 | D        | Found the +5 sword of Power {vorpal}
    41 | D        | Found the +7 mace of Variability {chain chaos}
    41 | D        | Found the +7 Singing Sword {vorpal, sonic wave}
    41 | D        | Found the +8 storm bow {elec, penet}
    43 | D        | Found a corrupted altar of Lugonu.
    43 | D        | Found a burning altar of Makhleb.
    55 | D        | Found a broken altar of Ashenzari.
    56 | D        | Found a glowing golden altar of the Shining One.
    71 | D        | Reached skill level 7 in Dodging
    71 | D        | Reached XP level 2. HP: 19/19 MP: 2/2
    77 | D        | Entered arena 2.
    77 | D        | Noticed a wolf
    77 | D        | Noticed a spriggan
    87 | D        | Killed a spriggan
    88 | D        | Reached skill level 5 in Fighting
    88 | D        | Reached skill level 9 in Dodging
    88 | D        | Reached skill level 5 in Evocations
    88 | D        | Reached XP level 3. HP: 27/27 MP: 3/3
    88 | D        | Reached XP level 4. HP: 32/32 MP: 4/4
    88 | D        | Reached XP level 5. HP: 36/36 MP: 5/5
    97 | D        | Killed a wolf
    98 | D        | Reached XP level 6. HP: 24/42 MP: 6/6
    98 | D        | Found a transporter.
   172 | D        | Entered arena 3.
   175 | D        | Noticed a dire elephant
   175 | D        | Noticed a yaktaur
   175 | D        | Noticed a vault warden
   176 | D        | Found a transporter.
   181 | D        | Shot with a bolt by a yaktaur

Illustrated notes

Levels and vault maps discovered:
D:        sprint_v [room_start, room_1, room_2, room_3, room_4, room_5, room_6,
          room_7, room_8, room_9, room_10, room_11, room_12, room_13, room_14,
          room_15, room_16, room_17, room_18, room_19, room_20, room_21,
          room_22, room_23, room_24, room_25, room_26, room_27]

Skill      XL: |  1  2  3  4  5 |
---------------+----------------+-----
Short Blades   | 8 |  8.0
Dodging        | 7 9 |  9.8
Fighting       | 5 6 |  6.7
Stealth        | 6 8 |  8.2
Evocations     | 5 |  5.0

Action                   |  1- 3 |  4- 6 || total
-------------------------+-------+-------++-------
Melee: Quick blade       |    10 |    11 ||    21
  Use: Potion            |     1 |     2 ||     3
       Scroll            |       |     2 ||     2
Dodge: Dodged            |     6 |     2 ||     8
Block: Buckler           |     3 |     1 ||     4

Table legend: (Time is in decaauts)
 A = Elapsed time spent in this place.
 B = Non-inter-level travel time spent in this place.
 C = Inter-level travel time spent in this place.
 D = Time resting spent in this place.
 E = Time spent auto-exploring this place.
 F = Levels seen in this place.
 G = Mean time per level.
                   A        B        C        D        E       F      G
               +--------+--------+--------+--------+--------+-----+--------+
         Total |    164 |    164 |      0 |     64 |      0 |   1 |  164.0 |
       Dungeon |    164 |    164 |      0 |     64 |      0 |   1 |  164.0 |
               +--------+--------+--------+--------+--------+-----+--------+

Top non-repeatable levels by time:
       D: 164 daAuts
